 Dungeon Crawl Stone Soup version 0.22.1-2-g9c5b331383 (webtiles) character file.

261 bjornmisha the Skirmisher (level 6, -2/56 HPs)
             Began as a Hill Orc Fighter on Dec 29, 2018.
             Was an Initiate of Okawaru.
             Killed by divine providence
             ... invoked by an orc priest
              (16 damage)
             ... on level 3 of the Dungeon.
             The game lasted 00:12:46 (2372 turns).

bjornmisha the Skirmisher (Hill Orc Fighter)        Turns: 2372, Time: 00:12:48

Health: -2/56      AC: 12    Str: 21    XL:     6   Next: 18%
Magic:  6/6        EV:  4    Int:  8    God:    Okawaru [......]
Gold:   177        SH:  9    Dex: 10    Spells: 5/5 levels left

rFire    . . .     SeeInvis .   a - +1 war axe
rCold    . . .     Gourm    .   c - +0 shield
rNeg     . . .     Faith    .   o - +0 plate armour
rPois    .         Spirit   .   (no helmet)
rElec    .         Reflect  .   (no cloak)
rCorr    .         Harm     .   (no gloves)
MR       .....                  (no boots)
Stlth    ..........             (no amulet)
HPRegen  0.18/turn              (no ring)
MPRegen  0.10/turn              (no ring)

@: slowed, very slow
A: no striking features
a: Renounce Religion, Convert to Beogh


You were on level 3 of the Dungeon.
You worshipped Okawaru.
Okawaru was noncommittal.
You were not hungry.

You visited 1 branch of the dungeon, and saw 3 of its levels.

You collected 177 gold pieces.

Inventory:

Hand Weapons
 a - a +1 war axe (weapon)
Armour
 c - a +0 shield (worn)
 o - a +0 plate armour (worn)
Jewellery
 l - a +3 ring of protection {unknown}
Wands
 i - a wand of random effects (27)
Scrolls
 e - a scroll of magic mapping {unknown}
 g - a scroll of teleportation
 h - a scroll of blinking
 j - a scroll of identify
Potions
 b - a potion of agility
 d - 3 potions of might
 k - a potion of curing
 m - 2 potions of lignification
Comestibles
 f - 4 rations


   Skills:
 + Level 5.0 Fighting
 + Level 4.8 Axes
 + Level 4.6 Armour
 + Level 4.6 Shields


You had 5 spell levels left.
You didn't know any spells.
Your spell library was empty.

Dungeon Overview and Level Annotations

Branches:
Dungeon (3/15)

Altars:
Fedhas
Gozag
Makhleb
Okawaru
Sif Muna


Message History

You feel your dexterity returning.
Your Fighting skill increases to level 5!
The orc priest invokes the aid of Beogh against you.
Beogh smites you!
You hit the orc priest but do no damage.
The orc priest hits you but does no damage. x2
You closely miss the orc priest. The orc priest hits you with a club.
The orc priest hits you but does no damage.
You slash the orc priest!
The orc priest is almost dead.
The orc priest invokes the aid of Beogh against you.
Beogh smites you! The orc priest hits you with a club.
You closely miss the orc priest.
The orc priest is almost dead.
The orc priest mumbles some strange prayers to Beogh against you.
Beogh smites you!
* * * LOW HITPOINT WARNING * * *
The orc priest invokes the aid of Beogh against you.
Beogh smites you!
You die...

.................##.#.# #..
#........).......##.# .....
#.######.........##.###...####
# . #..........#........... +
#..........#...........#
#......#...#...........#
+......#...#...........#
#.......####...........
########.......#@.)((.(#....###
.#.............#o##...........#
.#..........##......##........#
.#...........#................#
.............#......###.......#
.............##...............#
.....|.......###.##+##'##$o..##
.............# #............##
............................#


You could see an orc priest.

Vanquished Creatures
  An orc priest (D:3)
  2 orc wizards (D:3)
  6 adders
  A gnoll (D:1)
  An ooze (D:3)
  4 worms
  3 dart slugs
  2 leopard geckos
  9 orcs
  3 giant cockroaches (D:1)
  7 goblins
  5 hobgoblins
  10 jackals
  8 kobolds
  A quokka (D:2)
  11 bats
  A frilled lizard (D:3)
  7 rats
82 creatures vanquished.

Notes
Turn   | Place    | Note
-------+----------+-------------------------------------------
     0 | D:1      | bjornmisha the Hill Orc Fighter began the quest for the
                  | Orb.
     0 | D:1      | Reached XP level 1. HP: 19/19 MP: 1/1
    62 | D:1      | Reached XP level 2. HP: 26/27 MP: 2/2
   137 | D:1      | Reached skill level 4 in Fighting
   137 | D:1      | Reached XP level 3. HP: 32/33 MP: 3/3
   851 | D:2      | Reached XP level 4. HP: 40/40 MP: 4/4
   875 | D:2      | Found an opulent altar of Gozag.
   933 | D:2      | Found a deep blue altar of Sif Muna.
   935 | D:2      | Found a blossoming altar of Fedhas.
  1217 | D:2      | Found an iron altar of Okawaru.
  1273 | D:2      | Reached XP level 5. HP: 46/47 MP: 5/5
  1556 | D:2      | Became a worshipper of Warmaster Okawaru
  1611 | D:3      | Found a burning altar of Makhleb.
  1966 | D:3      | HP: 2/47 [orc wizard/puff of frost (8)]
  2302 | D:3      | Reached XP level 6. HP: 55/55 MP: 6/6
  2368 | D:3      | Reached skill level 5 in Fighting
  2372 | D:3      | Killed from afar by an orc priest

Skill      XL: |  1  2  3  4  5  6 |
---------------+-------------------+-----
Axes           | 3 4 |  4.8
Fighting       | 4 5 |  5.0
Shields        | 4 |  4.6
Armour         | 4 |  4.6

Action                   |  1- 3 |  4- 6 || total
-------------------------+-------+-------++-------
Melee: War axe           |    89 |   152 ||   241
Evoke: Wand              |       |     1 ||     1
  Use: Scroll            |       |     7 ||     7
       Potion            |       |     7 ||     7
  Eat: Chunk             |       |     3 ||     3
       Ration            |       |     1 ||     1
Armor: Scale mail        |    78 |    21 ||    99
       Plate armour      |       |    74 ||    74
Dodge: Dodged            |    43 |    27 ||    70
Block: Shield            |    61 |    71 ||   132
